 Dungeon Crawl Stone Soup version 0.30-a0-457-g4b7bca3bfa (webtiles) character file.

Game seed: 11199948477262730193

28 p00ps00p the Trooper (level 3, -1/33 HPs)
             Began as a Hill Orc Fighter on Dec 12, 2022.
             Slain by Jessica
             ... wielding a +0 club
              (3 damage)
             ... on level 2 of the Dungeon.
             The game lasted 00:01:54 (878 turns).

p00ps00p the Trooper (Hill Orc Fighter)              Turns: 878, Time: 00:01:54

Health: -1/33      AC:  6    Str: 20    XL:     3   Next: 14%
Magic:  3/3        EV:  9    Int:  8    God:
Gold:   1019       SH:  4    Dex: 10    Spells: 2/2 levels left

rFire   . . .      SeeInvis .    a - +1 war axe
rCold   . . .      Faith    .    c - +0 buckler
rNeg    . . .      Spirit   .    b - +0 scale mail
rPois   .          Reflect  .    (no helmet)
rElec   .          Harm     .    (no cloak)
rCorr   .          Rampage  .    (no gloves)
Will    .....                    (no boots)
Stlth   ..........               (no amulet)
HPRegen 0.25/turn                (no ring)
MPRegen 0.08/turn                (no ring)

@: about to teleport, silenced
A: no striking features
a: no special abilities


You were on level 2 of the Dungeon.
You visited 1 branch of the dungeon, and saw 2 of its levels.

You collected 1019 gold pieces.

Inventory:

Hand Weapons
 a - a +1 war axe (weapon)
Armour
 b - a +0 scale mail (worn)
 c - a +0 buckler (worn)
Jewellery
 e - a +6 ring of intelligence
 j - a ring of wizardry
Scrolls
 h - a scroll of identify
Potions
 d - a potion of might
 f - a potion of mutation
 i - a potion of curing {unknown}
 k - a potion of magic {unknown}


   Skills:
 + Level 4.0 Fighting
 + Level 3.3 Axes
 + Level 3.6 Armour
 + Level 3.6 Shields


You had 2 spell levels left.
You didn't know any spells.
Your spell library contained the following spells:

 Spells                   Type           Power      Damage    Failure   Level
 Dazzling Flash           Conj/Hex       0%         N/A       99%         3
 Agony                    Necr           0%         N/A       100%        5
 Silence                  Hex/Air        0%         N/A       100%        5


Dungeon Overview and Level Annotations

Branches:
Dungeon (2/15)

Altars:

Annotations:
D:2 Jessica


Message History

You are too injured to fight recklessly!
You are too injured to fight recklessly!
You are too injured to fight recklessly!
You are too injured to fight recklessly!
You are too injured to fight recklessly!
You are too injured to fight recklessly!
You are too injured to fight recklessly!
You are too injured to fight recklessly!
You are too injured to fight recklessly!
You are too injured to fight recklessly!
You are too injured to fight recklessly!
You are too injured to fight recklessly!
You are too injured to fight recklessly!
You are too injured to fight recklessly!
You are too injured to fight recklessly!
You are too injured to fight recklessly!
You are too injured to fight recklessly!
You are too injured to fight recklessly!
You are too injured to fight recklessly!
You are too injured to fight recklessly!
You are too injured to fight recklessly!
You are too injured to fight recklessly!
You are too injured to fight recklessly!
You are too injured to fight recklessly!
You are too injured to fight recklessly!
You are too injured to fight recklessly!
You are too injured to fight recklessly!
You are too injured to fight recklessly!
You are too injured to fight recklessly!
There are monsters nearby!
You are too injured to fight recklessly!
As you read the scroll labelled IRCHIF HETINA, it crumbles to dust.
You feel strangely unstable.
It was a scroll of teleportation.
Jessica gestures at you while chanting. Pain shoots through your body!
* * * LOW HITPOINT WARNING * * *
As you read the scroll labelled VALUAH YNWUX, it crumbles to dust.
A profound silence engulfs you.
It was a scroll of silence.
Jessica hits you with a +0 club.
You die...

#...# #... #...#
.###... #...# ......
#...# #.... #...#
#..K #...# ... #...##
#@#### #...#≈ #.@..##
####...#≈ ####..##
#......#≈
######..####.......~
.....(......'.......~
########.####.......~
#.# #......#≈ #.#
#......#≈ #.#
#......## #+#
########


You could see Jessica and a kobold.

Vanquished Creatures
  A dart slug (D:2)
  5 ball pythons (D:1)
  An endoplasm (D:2)
  4 hobgoblins
  5 kobolds
  6 bats
  A frilled lizard (D:2)
  A goblin (D:2)
  2 rats
26 creatures vanquished.

Notes
Turn   | Place    | Note
-------+----------+-------------------------------------------
     0 | D:1      | p00ps00p the Hill Orc Fighter began the quest for the Orb.
     0 | D:1      | Reached XP level 1. HP: 19/19 MP: 1/1
   107 | D:1      | Found a faded altar of an unknown god.
   157 | D:1      | Identified a scroll of acquirement
   157 | D:1      | Acquired 963 gold pieces
   223 | D:1      | Reached XP level 2. HP: 20/27 MP: 2/2
   795 | D:2      | Reached skill level 4 in Fighting
   799 | D:2      | Reached XP level 3. HP: 33/33 MP: 3/3
   873 | D:2      | Noticed Jessica
   878 | D:2      | Slain by Jessica

Illustrated notes

Levels and vault maps discovered:
D:1:      lemuel_arrival_river_ford, layout_loops_ring,
          chequers_ecumenical_altar_island
D:2:      layout_basic, serial_shops, shop, chequers_serial_rivers_micro_a,
          uniq_jessica

Skill      XL: |  1  2 |
---------------+-------+-----
Axes           | 3 |  3.3
Fighting       | 4 |  4.0
Armour         | |  3.6
Shields        | |  3.6

Action                   || total
-------------------------++-------
Melee: War axe           ||    53
  Use: Scroll            ||     5
Armor: Scale mail        ||    39
Dodge: Dodged            ||    25
Block: Buckler           ||    25

Table legend: (Time is in decaauts)
 A = Elapsed time spent in this place.
 B = Non-inter-level travel time spent in this place.
 C = Inter-level travel time spent in this place.
 D = Time resting spent in this place.
 E = Time spent auto-exploring this place.
 F = Levels seen in this place.
 G = Mean time per level.
                   A        B        C        D        E       F      G
               +--------+--------+--------+--------+--------+-----+--------+
         Total |    906 |    891 |     15 |      0 |    729 |   2 |  453.0 |
       Dungeon |    906 |    891 |     15 |      0 |    729 |   2 |  453.0 |
               +--------+--------+--------+--------+--------+-----+--------+

Top non-repeatable levels by time:
     D:1: 684 daAuts
     D:2: 222 daAuts
